 Dungeon Crawl Stone Soup version 0.30-a0-1008-g30c9307041 (webtiles) character file.

Game seed: 17688822001089065522

6726 GigaChad the Cleaver (level 10, -4/89 HPs)
             Began as a Minotaur Fighter on Apr 5, 2023.
             Was an Initiate of Gozag.
             Slain by a two-headed ogre
             ... wielding a +0 giant club
              (15 damage)
             ... on level 9 of the Dungeon.
             The game lasted 00:20:23 (9491 turns).

GigaChad the Cleaver (Minotaur Fighter)             Turns: 9491, Time: 00:20:24

Health: -4/89      AC: 19    Str: 31    XL:     10   Next: 74%
Magic:  9/9        EV: 11    Int:  5    God:    Gozag
Gold:   722        SH:  6    Dex: 10    Spells: 9/9 levels left

rFire   x . .      SeeInvis .    a - +2 war axe
rCold   + + .      Faith    .    c - +0 buckler
rNeg    . . .      Spirit   .    l - +0 ice dragon scales of the Game Afoot {Harm rF- rC++}
rPois   .          Reflect  .    (helmet restricted)
rElec   .          Rampage  .    x - +1 cloak
rCorr   .          Harm     + .  (no gloves)
Will    .....                    (no boots) Stlth
                                 (no amulet)
HPRegen 0.34/turn                h - +4 ring of protection
MPRegen 0.11/turn                E - +6 ring of strength

@: no status effects
A: horns 2, retaliatory headbutt
a: Renounce Religion, Potion Petition, Call Merchant, Bribe Branch


You were on level 9 of the Dungeon.
You worshipped Gozag.
Gozag was pleased with you.
You visited 2 branches of the dungeon, and saw 10 of its levels.

You collected 1702 gold pieces.
You spent 926 gold pieces at shops.
You paid 54 gold pieces to Gozag.

Inventory:

Hand Weapons
 a - a +2 war axe (weapon)
 u - a +1 hammer of protection
 J - the +7 staff of the Meek {protect, meekguard}
   (You found it on level 8 of the Dungeon)
Missiles
 F - 2 throwing nets (quivered)
Armour
 b - a +0 scale mail
 c - a +0 buckler (worn)
 l - the +0 ice dragon scales of the Game Afoot (worn) {Harm rF- rC++}
   (You bought it in a shop on level 4 of the Dungeon)

   rF:        It makes you vulnerable to fire.
   rC:        It greatly protects you from cold.
   Harm:      It increases damage dealt and taken.
 x - a +1 cloak (worn)
 C - a +0 plate armour
Jewellery
 h - a +4 ring of protection (left hand)
 j - a ring of flight
 n - an amulet of faith
 r - a ring of protection from cold
 s - an amulet of regeneration
 D - a ring of protection from cold
 E - a +6 ring of strength (right hand)
Wands
 f - a wand of flame (21)
 z - a wand of mindburst (20)
Scrolls
 k - 7 scrolls of identify
 p - a scroll of vulnerability {unknown}
 y - 2 scrolls of immolation
 A - a scroll of fear {unknown}
 B - a scroll of brand weapon {unknown}
 H - a scroll of enchant armour
Potions
 d - a potion of might
 e - 3 potions of flight {unknown}
 g - 5 potions of heal wounds
 i - a potion of ambrosia {unknown}
 m - 2 potions of curing {unknown}
 o - a potion of experience {unknown}
 q - 2 potions of magic {unknown}
 t - a potion of cancellation {unknown}
 v - 3 potions of invisibility {unknown}
 w - 2 potions of brilliance {unknown}
 G - 2 potions of resistance {unknown}
 I - a potion of degeneration {unknown}


   Skills:
 + Level 8.3 Fighting
 + Level 13.1 Axes
 + Level 9.3 Armour
 + Level 3.2 Dodging
 + Level 1.7 Stealth
 * Level 9.2 Shields


You had 9 spell levels left.
You didn't know any spells.
Your spell library contained the following spells:

 Spells                   Type           Power      Damage    Failure   Level
 Magic Dart               Conj           0%         1d3       80%         1
 Necrotise                Necr           0%         1d4       80%         1
 Shock                    Conj/Air       0%         1d3       80%         1
 Slow                     Hex            0%         N/A       80%         1
 Call Imp                 Summ           0%         N/A       90%         2
 Confusing Touch          Hex            0%         N/A       99%         3
 Mephitic Cloud           Conj/Pois/Air  0%         N/A       99%         3
 Swiftness                Air            0%         N/A       99%         3
 Vampiric Draining        Necr           0%         2d6       99%         3
 Airstrike                Air            0%         2d(0-16)  100%        4
 Agony                    Necr           0%         N/A       100%        5


Dungeon Overview and Level Annotations

Branches:
Dungeon (9/15)             Temple (1/1) D:4            Lair (0/5) D:8
    Orc: D:9-12

Altars:
Dithmenos
Elyvilon
Gozag
Hepliaklqana
Nemelex Xobeh
Okawaru
Ru
Sif Muna
Vehumet

Shops:
D:3 ***(:   D:4 ![([

Annotations:
D:5 2 runed translucent doors, sugarbear's ghost, novice DjSu
D:6 3 runed translucent doors, Newt's ghost, novice KoHu


Innate Abilities, Weirdness & Mutations

You have a pair of horns on your head.
You reflexively headbutt those who attack you in melee.


Message History

You see here a +0 mace.
You see here a +0 club.
Found 2 poisoned darts.
You now have 709 gold pieces (gained 12).
You see here 2 poisoned darts.
You now have 722 gold pieces (gained 13).
Found 5 stones.
Found a stone staircase leading down.
A two-headed ogre comes into view. It is wielding two +0 giant clubs.
The two-headed ogre shouts in stereo!
There is a stone staircase leading down here.
A steam dragon comes into view.
The steam dragon hisses angrily.
The steam dragon breathes steam at you. The ball of steam hits you!!
The steam scalds you terribly! You block the two-headed ogre's attack.
The two-headed ogre hits you with a +0 giant club!
The steam dragon moves out of view.
You hit the two-headed ogre.
The two-headed ogre is lightly wounded.
You are engulfed in a cloud of scalding steam.
You slash the two-headed ogre!
The two-headed ogre is moderately wounded.
You are engulfed in a cloud of scalding steam.
The two-headed ogre hits you with a +0 giant club!
* * * LOW HITPOINT WARNING * * *
The two-headed ogre hits you with a +0 giant club!
* * * LOW HITPOINT WARNING * * *
You are too injured to fight recklessly!
Unknown command.
Unknown command.
You are too injured to fight recklessly!
You are too injured to fight recklessly!
Unknown command.
There is a stone staircase leading down here.
The two-headed ogre barely misses you. You furiously retaliate!
You headbutt the two-headed ogre!
The two-headed ogre hits you with a +0 giant club!
You die...
Your body crumbles into a pile of gold.

§.### ###.......# # §.#
...... #.......# # §≈# .....
#.......# # .≈# ....
###.......# # .≈# ♣...
#.........# # §§# ♣♣D..
###...>...# # .≈# #♣♣♣♣♣..§.
♣♣♣ #.......### ≈.#
#.........##.######..........
..###.. #.DO@........####.###
##..... #.#####.####.# #.#..
##... ##.# #.####.####.#.#
##.## #..# #.............#
#####.#.####[.#
#.####.####....
..........##..#####......#
#####
.##.....#..)........######
....##....##.......## .##
#.#####.##.##.#


You could see a two-headed ogre and a steam dragon.

Vanquished Creatures
  Pikel (D:6)
  A rime drake (D:8)
  A polar bear (D:8)
  A troll (D:8)
  Sigmund (D:2)
  3 yaks (D:9)
  2 wyverns
  Eustachio (D:5)
  3 water moccasins
  6 ice beasts
  8 orc warriors
  5 centaurs
  A wolf (D:8)
  2 ogres (D:7)
  3 lemures (D:6)
  3 kobold brigands
  Blork the orc (D:6)
  2 phantoms (D:4)
  3 bullfrogs
  2 gnoll sergeants (D:7)
  2 scorpions
  3 wights (D:9)
  6 killer bees (D:9)
  5 jellies
  9 orc priests
  3 hounds
  Crazy Yiuf (D:2)
  2 sleepcaps
  3 iguanas
  4 orc wizards
  13 adders
  5 gnolls (D:7)
  4 white imps
  3 ufetubi
  3 dart slugs (D:2)
  26 orcs
  8 ball pythons
  9 endoplasms
  3 giant cockroaches
  6 goblins
  12 hobgoblins
  3 jackals
  19 kobolds
  3 quokkas
  5 bats
  5 rats
215 creatures vanquished.

Vanquished Creatures (others)
  2 plants (D:7)
2 creatures vanquished.

Grand Total: 217 creatures vanquished

Notes
Turn   | Place    | Note
-------+----------+-------------------------------------------
     0 | D:1      | GigaChad the Minotaur Fighter began the quest for the Orb.
     0 | D:1      | Reached XP level 1. HP: 19/19 MP: 0/0
   139 | D:1      | Reached XP level 2. HP: 27/27 MP: 1/1
   494 | D:2      | Reached skill level 3 in Axes
   495 | D:2      | Reached XP level 3. HP: 32/33 MP: 2/2
   525 | D:2      | Noticed Sigmund
   533 | D:2      | Killed Sigmund
   534 | D:2      | Reached skill level 4 in Axes
   534 | D:2      | Reached XP level 4. HP: 14/41 MP: 3/3
   534 | D:2      | Reached XP level 5. HP: 16/47 MP: 4/4
  1136 | D:2      | Reached skill level 5 in Fighting
  1211 | D:2      | Found a runed translucent door.
  1212 | D:2      | Noticed Crazy Yiuf
  1309 | D:2      | Killed Crazy Yiuf
  1310 | D:2      | Reached skill level 5 in Axes
  1310 | D:2      | Reached XP level 6. HP: 56/56 MP: 5/5
  1349 | D:2      | Found a sparkling altar of Nemelex Xobeh.
  1570 | D:3      | Found Liuleojaixo's Antique Weapon Boutique.
  1629 | D:3      | Found Resyime's General Store.
  1737 | D:3      | Found Rifaaminn's Book Shoppe.
  1924 | D:3      | Found Doxticou's General Store.
  1998 | D:3      | Found Barghib's General Store.
  2039 | D:3      | Reached skill level 5 in Armour
  2222 | D:4      | Found a staircase to the Ecumenical Temple.
  2228 | D:4      | Reached skill level 1 in Dodging
  2232 | Temple   | Entered the Ecumenical Temple
  2240 | Temple   | Became a worshipper of Gozag Ym Sagoz the Greedy
  2305 | D:4      | Found Keorghixi's Weapon Shoppe.
  2310 | D:4      | Found Tonuwan's Distillery.
  2310 | D:4      | Found Ziut Imubb's Armour Shoppe.
  2311 | D:4      | Found Quvadwemp's Armour Shoppe.
  2371 | D:4      | Found a shadowy altar of Dithmenos.
  2410 | D:4      | Reached skill level 6 in Axes
  2497 | D:4      | Reached XP level 7. HP: 58/61 MP: 6/6
  2998 | D:5      | Entered Level 5 of the Dungeon
  3499 | D:5      | Noticed Eustachio
  3506 | D:5      | Killed Eustachio
  3507 | D:5      | Reached skill level 7 in Axes
  3507 | D:5      | Reached skill level 5 in Shields
  3995 | D:5      | Found a runed translucent door.
  3996 | D:5      | Noticed sugarbear's ghost (novice DjSu)
  4029 | D:5      | Found a runed translucent door.
  4266 | D:6      | Noticed Blork the orc
  4278 | D:6      | Killed Blork the orc
  4279 | D:6      | Reached XP level 8. HP: 47/70 MP: 7/7
  4287 | D:6      | Reached skill level 8 in Axes
  4646 | D:6      | Found a white marble altar of Elyvilon.
  4674 | D:6      | Noticed Pikel
  4686 | D:6      | Killed Pikel
  4687 | D:6      | Reached skill level 9 in Axes
  5034 | D:6      | Found a runed translucent gate.
  5036 | D:6      | Found a runed translucent gate.
  5036 | D:6      | Noticed Newt's ghost (novice KoHu)
  5037 | D:6      | Found a runed translucent gate.
  5241 | D:7      | Reached XP level 9. HP: 64/78 MP: 8/8
  5254 | D:7      | Reached skill level 1 in Stealth
  5293 | D:7      | Upgraded the game from 0.30-a0-996-ga6910c8ee8 to
                  | 0.30-a0-1008-g30c9307041
  5493 | D:7      | Reached skill level 10 in Axes
  6351 | D:7      | Reached skill level 11 in Axes
  6533 | D:7      | Found a sparkling altar of Nemelex Xobeh.
  6647 | D:8      | Found a shimmering blue altar of Sif Muna.
  6768 | D:8      | Noticed a rime drake
  6780 | D:8      | Killed a rime drake
  7198 | D:8      | Reached XP level 10. HP: 75/86 MP: 9/9
  7426 | D:8      | Reached skill level 12 in Axes
  7865 | D:8      | Found the +7 staff of the Meek {protect, meekguard}
  7915 | D:8      | Found a staircase to the Lair.
  8627 | D:8      | Found a hazy altar of Hepliaklqana.
  8814 | D:4      | Bought the +0 ice dragon scales of the Game Afoot {Harm rF-
                  | rC++} for 871 gold pieces
  8835 | D:4      | Bought a potion of heal wounds for 55 gold pieces
  9202 | D:9      | Found an iron altar of Okawaru.
  9267 | D:9      | Reached skill level 13 in Axes
  9321 | D:9      | Found a sacrificial altar of Ru.
  9482 | D:9      | Noticed a two-headed ogre
  9491 | D:9      | Slain by a two-headed ogre

Illustrated notes

Levels and vault maps discovered:
D:1:      dpeg_arrival_water_temple_mockup, layout_rooms, chequers_jeans
D:2:      layout_basic, basic_altar, grunt_ministairs_12, minmay_joined_circles,
          uniq_sigmund, uniq_crazy_yiuf_cottage
D:3:      layout_basic, serial_shops, nicolae_shop_hallway_plus,
          nicolae_shop_hallway_stairs, shop, nicolae_shop_behind_doors,
          nicolae_shop_behind_doors, dk_noncrumbling_3
D:4:      layout_loops_ring, grunt_dithmenos_smoke_and_mirrors,
          minmay_temple_entry_hall, minmay_shop_grid_forest
D:5:      layout_loops_ring, ebering_ghost_sewer_f, uniq_eustachio
D:6:      layout_basic, kennysheep_mini, ebering_ghost_rock_garden, uniq_pikel,
          uniq_blork_the_orc
D:7:      kennysheep_housing_project, layout_cave_pools, marbit_many_paths,
          nicolae_figureground_sparkle
D:8:      layout_cave_pools, tgw_sif, old_standard_altar,
          hellmonk_lair_entry_icy, serial_column_ruins,
          column_ruins_square_medium, column_ruins_columns_straight,
          column_ruins_corridor_corner, column_ruins_columns_corner,
          column_ruins_open_large, column_ruins_corridor_dead_end,
          pf_guarded_unrand_meek
D:9:      layout_loops_cross, okawaru_gym_becter, mainiacjoe_overflow_paths,
          fedhas_altar_fruit_tree
Temple:   dpeg_chambers_temple

Skill      XL: |  1  2  3  4  5  6  7  8  9 10 |
---------------+-------------------------------+-----
Fighting       | 4 5 6 7 8 |  8.3
Shields        | 4 5 6 7 9 |  9.2
Axes           | 3 4 5 6 7 9 11 13 | 13.1
Armour         | 4 5 6 7 8 9 |  9.3
Dodging        | 1 2 3 |  3.2
Stealth        | 1 |  1.7

Action                     |  1- 3 |  4- 6 |  7- 9 | 10-12 || total
---------------------------+-------+-------+-------+-------++-------
  Melee: War axe           |    43 |   109 |   246 |   143 ||   541
         Headbutt          |     6 |    11 |    50 |    27 ||    94
    Use: Scroll            |     4 |     2 |     3 |     3 ||    12
   Stab: Distracted        |       |       |     1 |       ||     1
 Armour: Scale mail        |    16 |    55 |    79 |       ||   150
         Plate armour      |       |       |    95 |    43 ||   138
         Ice dragon scales |       |       |       |    22 ||    22
  Dodge: Dodged            |    18 |    56 |   135 |    49 ||   258
  Block: Buckler           |    11 |    22 |    72 |    31 ||   136

Table legend: (Time is in decaauts)
 A = Elapsed time spent in this place.
 B = Non-inter-level travel time spent in this place.
 C = Inter-level travel time spent in this place.
 D = Time resting spent in this place.
 E = Time spent auto-exploring this place.
 F = Levels seen in this place.
 G = Mean time per level.
                   A        B        C        D        E       F      G
               +--------+--------+--------+--------+--------+-----+--------+
         Total |   9549 |   9101 |    448 |   2070 |   5041 |  10 |  954.9 |
       Dungeon |   9528 |   9080 |    448 |   2070 |   5041 |   9 | 1058.7 |
        Temple |     20 |     20 |      0 |      0 |      0 |   1 |   20.0 |
               +--------+--------+--------+--------+--------+-----+--------+

Top non-repeatable levels by time:
     D:8: 2133 daAuts
     D:7: 1441 daAuts
     D:5: 1327 daAuts
     D:2: 1100 daAuts
     D:6: 1034 daAuts
     D:4: 892 daAuts
     D:3: 660 daAuts
     D:9: 503 daAuts
     D:1: 435 daAuts
  Temple: 20 daAuts
